 Dungeon Crawl Stone Soup version 0.31.0-12-g77e489cdc1 (webtiles) character file.

Game seed: 8179576688374926867

2799 Peloso the Carver (level 9, -8/54 HPs)
             Began as a Minotaur Fighter on Mar 7, 2024.
             Killed from afar by a starcursed mass (10 damage)
             ... with an accursed screaming
             ... on level 1 of the Abyss.
             The game lasted 00:11:19 (6419 turns).

Peloso the Carver (Minotaur Fighter)                Turns: 6419, Time: 00:11:19

Health: -8/54      AC:  6    Str: 21    XL:     9   Next: 43%
Magic:  5/5        EV:  9    Int:  5    God:
Gold:   251        SH: 12    Dex: 20    Spells: 8/8 levels left

rFire   x x .        a - +0 long sword
rCold   x x .        d - +0 buckler
rNeg    . . .        c - +0 chain mail
rPois   .            (helmet restricted)
rElec   .            (no cloak)
rCorr   +            (no gloves)
SInv    .            (no boots)
Will    .....        p - amulet of reflection Stlth
                     e - ring of resist corrosion
HPRegen 0.29/turn    f - +6 ring of dexterity
MPRegen 0.09/turn

%: random rage (9%), reflection
@: on berserk cooldown, slowed, very slow
A: horns 2, retaliatory headbutt, [berserk 2], [deformed body], [frail 3], [low
MP 3], [cold vulnerability 2], [heat vulnerability 2]
a: no special abilities


You were on level 1 of the Abyss.
You visited 1 branch of the dungeon, and saw 7 of its levels.
You visited the Abyss 1 time.
You also visited: Sewer.

You collected 363 gold pieces.
You spent 112 gold pieces at shops.

Inventory:

Hand Weapons
 a - a +0 long sword (weapon)
Armour
 b - a +0 scale mail
 c - a +0 chain mail (worn)
 d - a +0 buckler (worn)
Jewellery
 e - a ring of resist corrosion (left hand)
 f - a +6 ring of dexterity (right hand)
 j - a ring of see invisible
 p - an amulet of reflection (around neck)
 q - a +6 ring of intelligence
Talismans
 h - a serpent talisman
Wands
 m - a wand of mindburst (15)
 o - a wand of digging (3)
 w - a wand of paralysis (9)
Scrolls
 i - a scroll of amnesia
 k - a scroll of identify
 n - a scroll of fog
 r - a scroll of acquirement
 s - a scroll of summoning
 u - 2 scrolls of revelation
 x - a scroll of fear {unknown}
 y - a scroll of blinking {unknown}
Potions
 g - a potion of mutation
 t - a potion of haste
 v - a potion of curing {unknown}


   Skills:
 + Level 6.6 Fighting
 + Level 10.3 Long Blades
 + Level 8.1 Armour
 + Level 2.7 Dodging
 + Level 0.5 Stealth
 + Level 7.7 Shields


You had 8 spell levels left.
You didn't know any spells.
Your spell library contained the following spells:

 Spells                   Type           Power      Damage    Failure   Level
 Apportation              Tloc           0%         N/A       98%         1
 Jinxbite                 Hex            0%         N/A       99%         2
 Animate Armour           Summ/Erth      0%         N/A       100%        4
 Summon Lightning Spire   Summ/Air       0%         N/A       100%        4
 Alistair's Intoxication  Alch           0%         N/A       100%        5
 Lee's Rapid Deconstruct  Erth           0%         3d4*      100%        5


Dungeon Overview and Level Annotations

Branches:
Dungeon (7/15)              Sewer (visited)
 Temple: D:4-7

Altars:
Fedhas
Gozag
Nemelex Xobeh

Shops:
D:3 !

Annotations:
D:3 3 runed translucent doors, nitefall's ghost, amateur DgFi


Innate Abilities, Weirdness & Mutations

You have a pair of horns on your head.
You reflexively headbutt those who attack you in melee.
[You have an uncontrollable temper.]
[Armour fits poorly on your strangely shaped body.]
[You are extremely frail. (-30% HP)]
[Your magical capacity is extremely low. (-30% MP)]
[You are very vulnerable to cold. (rC--)]
[You are very vulnerable to heat. (rF--)]


Message History

* * * LOW HITPOINT WARNING * * *
The starcursed mass barely misses you.
Unknown command.
Unknown command.
Unknown command.
You slice the starcursed mass!!
You destroy the starcursed mass!
You block the starcursed mass's attack.
The wretched star pulses with an eldritch light!
You feel vulnerable to cold. x2
A deafening chorus of shrieks assaults your mind!
* * * LOW HITPOINT WARNING * * *
You block the starcursed mass's attack.
You feel a strong urge to attack something.
The starcursed mass touches you.
* * * LOW HITPOINT WARNING * * *
The wretched star pulses with an eldritch light!
You feel vulnerable to heat. x2
You feel your anger nearly subside.
A deafening chorus of shrieks assaults your mind!
* * * LOW HITPOINT WARNING * * *
A starcursed mass splits.
You are no longer berserk.
You are exhausted.
You feel yourself slow down.
The wretched star pulses with an eldritch light!
You feel less energetic.
The wretched star glows turbulently.
You block the lance of force... and reflect it back!
The lance of force hits the wretched star!
The wretched star is knocked back by the lance of force.
A deafening chorus of shrieks assaults your mind!
* * * LOW HITPOINT WARNING * * *
You suddenly lose the ability to move!
You can move again.
A starcursed mass splits.
The wretched star pulses with an eldritch light!
You feel frail. x3
A deafening chorus of shrieks assaults your mind!
You die...

# ###. #.##.#.# .
##....#.##### #.
..#..#......
#.##..#.#.....
#...@#.....#
#..#X..###.## #
#...#...##.....
#.. #####*#X.....#
### .##
......#...##.#..#.
..#. .###...X###
......# .
.....#.X#.##. #.
.#.#..
####..#X#...... ..
. ##
#.#..#..#.#..##
....


You could see 5 starcursed masses and a wretched star.

Vanquished Creatures
  A ynoxinul (Abyss:1)
  4 yaks (D:6)
  Eustachio (D:4)
  3 water moccasins
  Pargi (Sewer)
  An ogre (D:5)
  A centaur (D:5)
  A brain worm (Sewer)
  2 scorpions
  2 bombardier beetles
  3 jellies
  A gnoll bouda (D:6)
  6 orc priests
  3 hounds (D:6)
  A sleepcap (D:6)
  3 starcursed masses (Abyss:1)
  2 iguanas (D:5)
  Jessica (D:3)
  Terence (D:3)
  5 orc wizards
  Ijyb (D:3)
  11 adders
  8 gnolls
  A shadow imp (D:6)
  2 ufetubi (D:6)
  4 dart slugs
  5 ribbon worms
  21 orcs
  3 ball pythons
  4 endoplasms (D:2)
  8 giant cockroaches
  9 hobgoblins
  3 jackals (D:1)
  10 kobolds
  3 quokkas
  A bat (D:3)
  4 frilled lizards
  7 goblins
  5 rats
153 creatures vanquished.

Notes
Turn   | Place    | Note
-------+----------+-------------------------------------------
     0 | D:1      | Peloso the Minotaur Fighter began the quest for the Orb.
     0 | D:1      | Reached XP level 1. HP: 19/19 MP: 0/0
   240 | D:1      | Reached XP level 2. HP: 27/27 MP: 1/1
   950 | D:2      | Reached skill level 3 in Long Blades
   972 | D:2      | Reached XP level 3. HP: 32/33 MP: 2/2
  1294 | D:2      | Reached XP level 4. HP: 40/40 MP: 3/3
  1620 | D:3      | Noticed Jessica
  1623 | D:3      | Killed Jessica
  1624 | D:3      | Reached skill level 4 in Long Blades
  1653 | D:3      | Reached skill level 1 in Dodging
  1667 | D:3      | Reached XP level 5. HP: 23/46 MP: 4/4
  1837 | D:3      | Reached skill level 5 in Long Blades
  2072 | D:3      | Found Eptul's Distillery.
  2092 | D:3      | Bought a potion of mutation for 112 gold pieces
  2275 | D:3      | Noticed Terence
  2287 | D:3      | Killed Terence
  2288 | D:3      | Reached skill level 5 in Shields
  2356 | D:3      | Noticed Ijyb
  2366 | D:3      | Killed Ijyb
  2367 | D:3      | Reached XP level 6. HP: 45/53 MP: 5/5
  2448 | D:3      | Found a runed translucent gate.
  2450 | D:3      | Found a runed translucent gate.
  2451 | D:3      | Found a runed translucent gate.
  2452 | D:3      | Found an opulent altar of Gozag.
  2453 | D:3      | Noticed nitefall's ghost (amateur DgFi)
  3325 | D:4      | Reached skill level 5 in Armour
  3397 | D:4      | Noticed Eustachio
  3406 | D:4      | Killed Eustachio
  3407 | D:4      | Reached skill level 6 in Long Blades
  3407 | D:4      | Reached XP level 7. HP: 60/60 MP: 6/6
  3561 | D:5      | Entered Level 5 of the Dungeon
  3603 | D:5      | HP: 3/60 [orc/+1 flail of protection (2)]
  3622 | D:5      | Reached skill level 5 in Fighting
  3625 | D:5      | Found a sparkling altar of Nemelex Xobeh.
  3626 | D:5      | Found a blossoming altar of Fedhas.
  3821 | D:5      | Reached skill level 7 in Long Blades
  4022 | D:5      | Found a glowing drain.
  4044 | Sewer    | Entered a sewer
  4053 | Sewer    | Reached XP level 8. HP: 43/68 MP: 7/7
  4237 | Sewer    | Noticed Pargi
  4251 | Sewer    | Killed Pargi
  4293 | Sewer    | Identified a scroll of acquirement
  4968 | D:6      | Reached skill level 8 in Long Blades
  5407 | D:5      | Reached skill level 9 in Long Blades
  6004 | D:6      | Reached XP level 9. HP: 49/75 MP: 8/8
  6314 | Abyss:1  | Cast into level 1 of the Abyss (orc)
  6396 | Abyss:1  | Noticed a starcursed mass
  6400 | Abyss:1  | Reached skill level 10 in Long Blades
  6404 | Abyss:1  | Noticed a wretched star
  6411 | Abyss:1  | Killed a starcursed mass
  6418 | Abyss:1  | HP: 1/78 [starcursed mass/accursed screaming (6)]
  6418 | Abyss:1  | Paralysed by accursed screaming for 1 turns
  6419 | Abyss:1  | Killed from afar by a starcursed mass

Illustrated notes

Levels and vault maps discovered:
D:1:      eino_arrival_cavern_b, layout_basic, minmay_misc_feat_plants
D:2:      minmay_chambers_of_twos, layout_basic
D:3:      layout_basic, ebering_ghost_gozag, serial_shops, shop, uniq_jessica,
          uniq_ijyb, uniq_terence
D:4:      layout_cave_pools, uniq_eustachio
D:5:      layout_loops_corners, jmf_multi_god_temple,
          cheibrodos_sewer_entry_bend, serial_bayou_ford_a
D:6:      layout_basic, hangedman_abyss_or_decor_lesser_grid,
          kennysheep_generic_room_9
D:7:      layout_rooms, grunt_temple_overflow_diamond,
          nicolae_ru_the_path_less_chosen, minmay_temple_entry_overgrown,
          uniq_menkaure, uniq_maurice, uniq_jeremiah, uniq_duvessa
Abyss:1:  base:
D:2

Skill      XL: |  1  2  3  4  5  6  7  8  9 |
---------------+----------------------------+-----
Shields        | 4 5 7 |  7.7
Long Blades    | 3 4 5 6 7 9 10 | 10.3
Armour         | 4 5 6 7 8 |  8.1
Fighting       | 4 5 6 |  6.6
Dodging        | 1 2 |  2.7
Stealth        | |  0.5

Action                     |  1- 3 |  4- 6 |  7- 9 || total
---------------------------+-------+-------+-------++-------
  Melee: Long sword        |    92 |   128 |   275 ||   495
         Headbutt          |    10 |    19 |    63 ||    92
    Use: Potion            |     1 |       |     2 ||     3
         Scroll            |       |     2 |     8 ||    10
 Armour: Scale mail        |    59 |    59 |       ||   118
         Chain mail        |       |    30 |   174 ||   204
  Dodge: Dodged            |    38 |    38 |   106 ||   182
  Block: Buckler           |    23 |    33 |   140 ||   196
         Reflection        |       |       |     1 ||     1
